TOP OF THE 1ST |
New Orleans Zephyrs batting - Pitching for Albuquerque Isotopes : LHP Angel Contreras
|
Pitching: LHP Angel Contreras
|
|
Batting: LHB Jose Bregaro
|
0-0: Ball 1-0: Called Strike 1-1: Ball 2-1: Ball 3-1: Called Strike 3-2: Foul Ball, location: 2F 3-2: Strikes out looking
|
Batting: RHB Boof Howell
|
0-0: Swinging Strike 0-1: Ball 1-1: Called Strike 1-2: Strikes out swinging
|
Batting: LHB Luis Magdaleno
|
0-0: SINGLE (Line Drive, 7S, EV 93.8 MPH)
|
Batting: RHB Rick Fell
|
0-0: Called Strike 0-1: Ball 1-1: Ball 2-1: Foul Ball, location: 2F 2-2: 2-RUN HOME RUN (Flyball, 78XD, EV 98.8 MPH), Distance : 410 ft
|
Batting: RHB Tony Stedman
|
0-0: Called Strike 0-1: Called Strike 0-2: Ball 1-2: Strikes out looking
|
Top of the 1st over - 2 runs, 2 hits, 0 errors, 0 left on base; New Orleans 2 - Albuquerque 0 |
BOTTOM OF THE 1ST |
Albuquerque Isotopes batting - Pitching for New Orleans Zephyrs : RHP John Dinsmore
|
Pitching: RHP John Dinsmore
|
|
Batting: RHB Nick Cummings
|
0-0: Called Strike 0-1: Ball 1-1: Ball 2-1: Ball 3-1: Fly out, F9 (Flyball, 89D, EV 101.9 MPH)
|
Batting: LHB Gabe Harvey
|
0-0: Ball 1-0: Ground out 6-3 (Groundball, 6D, EV 103.1 MPH)
|
Batting: SHB Jamel Wright
|
0-0: Ball 1-0: Called Strike 1-1: Ground out 6-3 (Groundball, 6M, EV 103.8 MPH)
|
Bottom of the 1st over - 0 runs, 0 hits, 0 errors, 0 left on base; New Orleans 2 - Albuquerque 0 |
TOP OF THE 2ND |
New Orleans Zephyrs batting - Pitching for Albuquerque Isotopes : LHP Angel Contreras
|
Batting: RHB Greg Herzig
|
0-0: Swinging Strike 0-1: Ball 1-1: Foul Ball, location: 2F 1-2: Foul Ball, location: 2F 1-2: Ball 2-2: Ball 3-2: Foul Ball, location: 2F 3-2: Fly out, F3 (Popup, 3, EV 68.8 MPH)
|
Batting: RHB Justin Huff
|
0-0: Ground out 6-3 (Groundball, 6M, EV 80.0 MPH)
|
Batting: SHB Ramon Martinez
|
0-0: Ball 1-0: Swinging Strike 1-1: Foul Ball, location: 2F 1-2: Strikes out swinging
|
Top of the 2nd over - 0 runs, 0 hits, 0 errors, 0 left on base; New Orleans 2 - Albuquerque 0 |
BOTTOM OF THE 2ND |
Albuquerque Isotopes batting - Pitching for New Orleans Zephyrs : RHP John Dinsmore
|
Batting: LHB Chad Persaud
|
0-0: Ball 1-0: Foul Ball, location: 2F 1-1: Fly out, F4 (Popup, 4S, EV 70.6 MPH)
|
Batting: RHB Eddie McCoy
|
0-0: SINGLE (Groundball, 6MD, EV 103.1 MPH)
|
Batting: RHB Joe LaDue
|
0-0: Ball 1-0: Ball 2-0: Called Strike 2-1: Called Strike 2-2: Strikes out swinging
|
Batting: LHB Alfredo de la Cruz
|
0-0: Foul Ball, location: 2F 0-1: Foul Ball, location: 2F 0-2: Ball 1-2: Ball 2-2: Ball 3-2: Strikes out looking
|
Bottom of the 2nd over - 0 runs, 1 hit, 0 errors, 1 left on base; New Orleans 2 - Albuquerque 0 |
TOP OF THE 3RD |
New Orleans Zephyrs batting - Pitching for Albuquerque Isotopes : LHP Angel Contreras
|
Batting: RHB Torquato Obawole
|
0-0: Ball 1-0: Foul Ball, location: 2F 1-1: Ball 2-1: Ground out 5-3 (Groundball, 56, EV 101.9 MPH)
|
Batting: LHB Jose Bregaro
|
0-0: Called Strike 0-1: Called Strike 0-2: Strikes out looking
|
Batting: RHB Boof Howell
|
0-0: SINGLE (Groundball, 6MS, EV 77.5 MPH) (infield hit)
|
Batting: LHB Luis Magdaleno
|
0-0: Called Strike 0-1: Swinging Strike 0-2: Ball 1-2: SINGLE (Groundball, 34D, EV 96.2 MPH) (infield hit) Boof Howell to second
|
Batting: RHB Rick Fell
|
0-0: Fielders Choice at 2nd, U6 (Groundball, 6M, EV 86.2 MPH)
|
Top of the 3rd over - 0 runs, 2 hits, 0 errors, 2 left on base; New Orleans 2 - Albuquerque 0 |
BOTTOM OF THE 3RD |
Albuquerque Isotopes batting - Pitching for New Orleans Zephyrs : RHP John Dinsmore
|
Batting: SHB Mitchell Greene
|
0-0: Called Strike 0-1: Swinging Strike 0-2: Ball 1-2: Strikes out swinging
|
Batting: RHB Bobby Heagle
|
0-0: Ball 1-0: Called Strike 1-1: Swinging Strike 1-2: Ball 2-2: Foul Ball, location: 2F 2-2: Foul Ball, location: 2F 2-2: Strikes out swinging
|
Batting: RHB Nick Cummings
|
0-0: Ball 1-0: Ball 2-0: Foul Ball, location: 2F 2-1: Ball 3-1: Foul Ball, location: 2F 3-2: Ground out 3-1 (Groundball, 34S, EV 80.0 MPH)
|
Bottom of the 3rd over - 0 runs, 0 hits, 0 errors, 0 left on base; New Orleans 2 - Albuquerque 0 |
TOP OF THE 4TH |
New Orleans Zephyrs batting - Pitching for Albuquerque Isotopes : LHP Angel Contreras
|
Batting: RHB Tony Stedman
|
0-0: SINGLE (Groundball, 56S, EV 73.1 MPH) (infield hit)
|
Batting: RHB Greg Herzig
|
0-0: Foul Ball, location: 2F 0-1: Ball 1-1: Foul Ball, location: 2F 1-2: Fly out, F7 (Line Drive, 7, EV 101.2 MPH)
|
Batting: RHB Justin Huff
|
Pickoff Throw to First - Out! 1-3 0-0: Called Strike 0-1: Ball 1-1: Ball 2-1: Ball 3-1: Called Strike 3-2: Base on Balls
|
Batting: SHB Ramon Martinez
|
0-0: Ground out 4-3 (Groundball, 4, EV 84.4 MPH)
|
Top of the 4th over - 0 runs, 1 hit, 0 errors, 1 left on base; New Orleans 2 - Albuquerque 0 |
BOTTOM OF THE 4TH |
Albuquerque Isotopes batting - Pitching for New Orleans Zephyrs : RHP John Dinsmore
|
Batting: LHB Gabe Harvey
|
0-0: Ground out 6-3 (Groundball, 6, EV 86.9 MPH)
|
Batting: SHB Jamel Wright
|
0-0: SINGLE (Groundball, 6D, EV 102.5 MPH)
|
Batting: LHB Chad Persaud
|
0-0: Foul Ball, location: 2F 0-1: Ball 1-1: SINGLE (Groundball, 4MD, EV 93.8 MPH) Jamel Wright to second Throwing error, E8 Jamel Wright scores Chad Persaud to second
|
Batting: RHB Eddie McCoy
|
0-0: Ball Chad Persaud steals 3rd base 1-0: Ground out 5-3 (Groundball, 56, EV 103.1 MPH) Chad Persaud scores
|
Batting: RHB Joe LaDue
|
0-0: Ground out U3 (Groundball, 34S, EV 87.5 MPH)
|
Bottom of the 4th over - 2 runs, 2 hits, 1 error, 0 left on base; New Orleans 2 - Albuquerque 2 |
TOP OF THE 5TH |
New Orleans Zephyrs batting - Pitching for Albuquerque Isotopes : LHP Angel Contreras
|
Batting: RHB Torquato Obawole
|
0-0: Foul Ball, location: 2F 0-1: Fly out, F7 (Flyball, 7, EV 97.5 MPH)
|
Batting: LHB Jose Bregaro
|
0-0: Foul Ball, location: 2F 0-1: Swinging Strike 0-2: Ball 1-2: Strikes out looking
|
Batting: RHB Boof Howell
|
0-0: Ball 1-0: Ball 2-0: Ball 3-0: Called Strike 3-1: Called Strike 3-2: SINGLE (Groundball, 6MD, EV 100.6 MPH)
|
Batting: LHB Luis Magdaleno
|
0-0: Ball 1-0: Foul Ball, location: 2F 1-1: Swinging Strike 1-2: Ball 2-2: Fielders Choice at 2nd, 6-4 (Groundball, 6, EV 92.5 MPH)
|
Top of the 5th over - 0 runs, 1 hit, 0 errors, 1 left on base; New Orleans 2 - Albuquerque 2 |
BOTTOM OF THE 5TH |
Albuquerque Isotopes batting - Pitching for New Orleans Zephyrs : RHP John Dinsmore
|
Batting: LHB Alfredo de la Cruz
|
0-0: Foul Ball, location: 2F 0-1: Ball 1-1: Ground out 4-3 (Groundball, 4, EV 85.6 MPH)
|
Batting: SHB Mitchell Greene
|
0-0: Called Strike 0-1: Ball 1-1: Ball 2-1: Foul Ball, location: 2F 2-2: Strikes out swinging
|
Batting: RHB Bobby Heagle
|
0-0: Called Strike 0-1: Ball 1-1: Ball 2-1: Foul Ball, location: 2F 2-2: SINGLE (Groundball, 4MD, EV 107.5 MPH)
|
Batting: RHB Nick Cummings
|
0-0: Called Strike 0-1: Fly out, F5 (Line Drive, 5L, EV 70.6 MPH)
|
Bottom of the 5th over - 0 runs, 1 hit, 0 errors, 1 left on base; New Orleans 2 - Albuquerque 2 |
TOP OF THE 6TH |
New Orleans Zephyrs batting - Pitching for Albuquerque Isotopes : LHP Angel Contreras
|
Batting: RHB Rick Fell
|
0-0: Foul Ball, location: 2F 0-1: Ball 1-1: Called Strike 1-2: Foul Ball, location: 2F 1-2: Strikes out looking
|
Batting: RHB Tony Stedman
|
0-0: Ball 1-0: Ball 2-0: Swinging Strike 2-1: Ground out 2-3 (Groundball, 2L, EV 63.1 MPH)
|
Batting: RHB Greg Herzig
|
0-0: Ball 1-0: SOLO HOME RUN (Flyball, 7D, EV 96.2 MPH), Distance : 363 ft
|
Batting: RHB Justin Huff
|
0-0: Ball 1-0: Ground out U3 (Groundball, 34, EV 85.6 MPH)
|
Top of the 6th over - 1 run, 1 hit, 0 errors, 0 left on base; New Orleans 3 - Albuquerque 2 |
BOTTOM OF THE 6TH |
Albuquerque Isotopes batting - Pitching for New Orleans Zephyrs : RHP John Dinsmore
|
Batting: LHB Gabe Harvey
|
0-0: Swinging Strike 0-1: Foul Ball, location: 2F 0-2: Foul Ball, location: 2F 0-2: Foul Ball, location: 2F 0-2: Ball 1-2: Strikes out swinging
|
Batting: SHB Jamel Wright
|
0-0: Ball 1-0: Ball 2-0: Called Strike 2-1: Ball 3-1: SINGLE (Flyball, 4D, EV 94.4 MPH)
|
Batting: LHB Chad Persaud
|
0-0: Ball 1-0: Ball 2-0: Called Strike 2-1: Foul Ball, location: 2F 2-2: Ball 3-2: Base on Balls Jamel Wright to second
|
Batting: RHB Eddie McCoy
|
0-0: Ball 1-0: Ball 2-0: Reached on error, E4 (Groundball, 4, EV 99.4 MPH) Jamel Wright to third Chad Persaud to second
|
Batting: RHB Joe LaDue
|
0-0: Grounds into fielders choice 4-2 (Groundball, 4S, EV 71.9 MPH) Chad Persaud to third Eddie McCoy to second
|
Batting: LHB Alfredo de la Cruz
|
0-0: Ball 1-0: Fly out, F7 (Flyball, 7LMF, EV 104.4 MPH)
|
Bottom of the 6th over - 0 runs, 1 hit, 1 error, 3 left on base; New Orleans 3 - Albuquerque 2 |
TOP OF THE 7TH |
New Orleans Zephyrs batting - Pitching for Albuquerque Isotopes : LHP Angel Contreras
|
Pitching: RHP Justin Judson
|
|
Batting: SHB Ramon Martinez
|
0-0: Called Strike 0-1: Ball 1-1: SINGLE (Groundball, 56, EV 105.6 MPH) (infield hit)
|
Batting: RHB Torquato Obawole
|
0-0: Ball 1-0: Ball 2-0: Ball 3-0: Base on Balls Ramon Martinez to second
|
Batting: LHB Jose Bregaro
|
0-0: DOUBLE (Flyball, 8LXD, EV 105.6 MPH) Ramon Martinez scores Torquato Obawole to third
|
Batting: RHB Boof Howell
|
0-0: Foul Ball, location: 2F 0-1: Foul Ball, location: 2F 0-2: Ball 1-2: Ball 2-2: Ball Wild Pitch! Torquato Obawole scores Jose Bregaro to third 3-2: Foul Ball, location: 2F 3-2: Ground out 6-3 (Groundball, 6, EV 79.4 MPH)
|
Batting: LHB Luis Magdaleno
|
0-0: Intentional Walk
|
Batting: RHB Rick Fell
|
0-0: Swinging Strike 0-1: Ball 1-1: Ground out 5-3 (Groundball, 5, EV 91.2 MPH) Luis Magdaleno to second
|
Batting: RHB Tony Stedman
|
0-0: Ball 1-0: Swinging Strike 1-1: Swinging Strike 1-2: Foul Ball, location: 2F 1-2: Strikes out swinging
|
Top of the 7th over - 2 runs, 2 hits, 0 errors, 2 left on base; New Orleans 5 - Albuquerque 2 |
BOTTOM OF THE 7TH |
Albuquerque Isotopes batting - Pitching for New Orleans Zephyrs : RHP John Dinsmore
|
Batting: SHB Mitchell Greene
|
0-0: Called Strike 0-1: Ball 1-1: SINGLE (Groundball, 56D, EV 96.9 MPH)
|
Batting: RHB Bobby Heagle
|
0-0: SINGLE (Groundball, 5S, EV 65.6 MPH) (infield hit) Mitchell Greene to second
|
Batting: RHB Nick Cummings
|
0-0: Swinging Strike 0-1: Called Strike 0-2: Fielders Choice at 2nd, 6-4 (Groundball, 6, EV 92.5 MPH) Mitchell Greene to third
|
Batting: LHB Gabe Harvey
|
0-0: Ball 1-0: Ball 2-0: DOUBLE (Flyball, 8LD, EV 87.5 MPH) Mitchell Greene scores Nick Cummings to third
|
Pitching: RHP Campbell Wagenmakers
|
|
Batting: SHB Jamel Wright
|
0-0: Fly out, F4 (Line Drive, 4, EV 66.9 MPH)
|
Batting: LHB Chad Persaud
|
0-0: Ball 1-0: Ground out 3-1 (Groundball, 34S, EV 86.9 MPH)
|
Bottom of the 7th over - 1 run, 3 hits, 0 errors, 2 left on base; New Orleans 5 - Albuquerque 3 |
TOP OF THE 8TH |
New Orleans Zephyrs batting - Pitching for Albuquerque Isotopes : RHP Justin Judson
|
Batting: RHB Greg Herzig
|
0-0: Foul Ball, location: 2F 0-1: Called Strike 0-2: Ball 1-2: Foul Ball, location: 2F 1-2: Ball 2-2: Ground out 6-3 (Groundball, 6, EV 85.0 MPH)
|
Batting: RHB Justin Huff
|
0-0: Fly out, F7 (Flyball, 7D, EV 91.9 MPH)
|
Batting: SHB Ramon Martinez
|
0-0: Swinging Strike 0-1: Foul Ball, location: 2F 0-2: Strikes out swinging
|
Top of the 8th over - 0 runs, 0 hits, 0 errors, 0 left on base; New Orleans 5 - Albuquerque 3 |
BOTTOM OF THE 8TH |
Albuquerque Isotopes batting - Pitching for New Orleans Zephyrs : RHP Campbell Wagenmakers
|
Batting: RHB Eddie McCoy
|
0-0: Foul Ball, location: 2F 0-1: SINGLE (Groundball, 56D, EV 98.8 MPH)
|
Batting: RHB Joe LaDue
|
0-0: Ball 1-0: Foul Ball, location: 2F 1-1: Ball 2-1: SINGLE (Groundball, 4M, EV 102.5 MPH) Eddie McCoy to second
|
Pitching: LHP Patrick Meesters
|
|
Batting: LHB Alfredo de la Cruz
|
0-0: Ball 1-0: Ball 2-0: Swinging Strike 2-1: Ball 3-1: Grounds into double play, 4-6-3 (Groundball, 4, EV 85.6 MPH) Eddie McCoy to third
|
Batting: SHB Mitchell Greene
|
0-0: Ball 1-0: Foul Ball, location: 2F 1-1: SINGLE (Line Drive, 9S, EV 89.4 MPH) Eddie McCoy scores
|
Batting: RHB Bobby Heagle
|
0-0: Foul Ball, location: 2F 0-1: Ball 1-1: Ball 2-1: Foul Ball, location: 2F 2-2: Ball 3-2: Base on Balls Mitchell Greene to second
|
Batting: RHB Nick Cummings
|
0-0: Called Strike 0-1: Ball 1-1: Foul Ball, location: 2F 1-2: Foul Ball, location: 2F 1-2: Strikes out swinging
|
Bottom of the 8th over - 1 run, 3 hits, 0 errors, 2 left on base; New Orleans 5 - Albuquerque 4 |
TOP OF THE 9TH |
New Orleans Zephyrs batting - Pitching for Albuquerque Isotopes : RHP Justin Judson
|
Pitching: RHP Humberto Gutierrez
|
|
Pinch Hitting: LHB Eric Bailey
|
0-0: Ball 1-0: Ball 2-0: DOUBLE (Groundball, 3L, EV 103.1 MPH)
|
Batting: LHB Jose Bregaro
|
0-0: Intentional Walk
|
Batting: RHB Boof Howell
|
0-0: Bunt missed! 0-1: Sac Bunt to P - play at first, batter OUT! 1-4 Eric Bailey to third Jose Bregaro to second
|
Batting: LHB Luis Magdaleno
|
0-0: Intentional Walk
|
Batting: RHB Rick Fell
|
0-0: Grounds into fielders choice 3-2 (Groundball, 34, EV 89.4 MPH) Jose Bregaro to third Luis Magdaleno to second
|
Batting: RHB Tony Stedman
|
0-0: Called Strike 0-1: Ball 1-1: Called Strike 1-2: Foul Ball, location: 2F 1-2: Ball 2-2: Strikes out swinging
|
Top of the 9th over - 0 runs, 1 hit, 0 errors, 3 left on base; New Orleans 5 - Albuquerque 4 |
BOTTOM OF THE 9TH |
Albuquerque Isotopes batting - Pitching for New Orleans Zephyrs : LHP Patrick Meesters
|
Pitching: RHP Alberto Negrete
|
|
Now at SS: Boof Howell
|
|
Now in CF: Jose Bregaro
|
|
Now in RF: Eric Bailey
|
|
Batting: LHB Gabe Harvey
|
0-0: Ball 1-0: Ball 2-0: Fly out, F3 (Line Drive, 3, EV 70.6 MPH)
|
Batting: SHB Jamel Wright
|
0-0: Called Strike 0-1: Swinging Strike 0-2: Ground out U3 (Groundball, 34, EV 100.6 MPH)
|
Batting: LHB Chad Persaud
|
0-0: Ball 1-0: Ball 2-0: Called Strike 2-1: Called Strike 2-2: Fly out, F8 (Flyball, 89M, EV 73.1 MPH)
|
Bottom of the 9th over - 0 runs, 0 hits, 0 errors, 0 left on base; New Orleans 5 - Albuquerque 4 |
|